 Dungeon Crawl Stone Soup version 0.30-a0-177-g1cb5dbfd7a (webtiles) character file.

Game seed: 17079634697177854996

154 scionoferis the Sneak (level 5, -1/32 HPs)
             Began as a Kobold Brigand on Oct 2, 2022.
             Slain by a gnoll
             ... wielding a +0 flail
              (8 damage)
             ... on level 2 of the Dungeon.
             The game lasted 00:04:23 (1540 turns).

scionoferis the Sneak (Kobold Brigand)              Turns: 1540, Time: 00:04:23

Health: -1/32      AC:  6    Str: 11    XL:     5   Next: 63%
Magic:  5/5        EV: 14    Int: 12    God:
Gold:   65         SH:  0    Dex: 16    Spells: 4/4 levels left

rFire   . . .      SeeInvis .    a - +2 dagger
rCold   . . .      Faith    .    (no shield)
rNeg    . . .      Spirit   .    r - +1 leather armour {rPois}
rPois   +          Reflect  .    (no helmet)
rElec   .          Harm     .    c - +0 cloak
rCorr   .          Rampage  .    o - +0 pair of gloves
Will    .....                    (no boots)
Stlth   ++++......               i - amulet of the acrobat
HPRegen 0.25/turn                (no ring)
MPRegen 0.09/turn                (no ring)

@: no status effects
A: small, no large weapons, nightstalker 3
a: no special abilities


You were on level 2 of the Dungeon.
You visited 1 branch of the dungeon, and saw 2 of its levels.

You collected 65 gold pieces.

Inventory:

Hand Weapons
 a - a +2 dagger (weapon)
 b - a +0 sling
Missiles
 d - 6 poisoned darts (quivered)
 e - 3 curare-tipped darts
Armour
 c - a +0 cloak (worn)
 o - a +0 pair of gloves (worn)
 r - a +1 leather armour of poison resistance (worn)
Jewellery
 i - an amulet of the acrobat (around neck)
Scrolls
 f - a scroll of vulnerability {unknown}
 g - a scroll of amnesia {unknown}
 h - 3 scrolls of teleportation {unknown}
 k - 2 scrolls of identify {unknown}
 l - a scroll of acquirement {unknown}
 m - a scroll of fog {unknown}
 p - 2 scrolls of enchant armour {unknown}
Potions
 j - 2 potions of attraction {unknown}
 n - a potion of might {unknown}
 q - a potion of haste {unknown}


   Skills:
 + Level 3.2 Fighting
 * Level 5.0 Short Blades
 - Level 2.1 Throwing
 + Level 1.5 Armour
 + Level 2.8 Dodging
 - Level 5.3 Stealth


You had 4 spell levels left.
You didn't know any spells.
Your spell library contained the following spells:

 Spells                   Type           Power      Damage    Failure   Level
 Apportation              Tloc           0%         N/A       41%         1
 Freeze                   Ice            0%         1d3       41%         1
 Necrotise                Necr           0%         1d4       41%         1
 Summon Small Mammal      Summ           0%         N/A       41%         1
 Frozen Ramparts          Ice            0%         1d1       78%         3
 Hailstorm                Conj/Ice       0%         3d3       78%         3
 Portal Projectile        Hex/Tloc       0%         N/A       78%         3
 Tukima's Dance           Hex            0%         N/A       78%         3
 Blade Hands              Tmut           0%         N/A       100%        5


Dungeon Overview and Level Annotations

Branches:
Dungeon (2/15)

Altars:

Shops:
D:2 (!([


Innate Abilities, Weirdness & Mutations

You are small and have problems with some larger weapons.
You are completely attuned to the shadows.


Message History

Throw: 8 darts (poison)
Press: ? - help, Q - select action, (/) - cycle Shift-Dir - straight line, f/p - gnoll
Aim: a gnoll, wielding a +0 flail (lightly wounded, poisoned, 65% to hit)
You throw a poisoned dart. The poisoned dart hits the gnoll.
The gnoll looks even sicker.
The gnoll is lightly wounded.
Throw: 7 darts (poison)
Press: ? - help, Q - select action, (/) - cycle Shift-Dir - straight line, f/p - gnoll
Aim: a gnoll, wielding a +0 flail (lightly wounded, very poisoned, 65% to hit)
You throw a poisoned dart.
The poisoned dart barely misses the gnoll.
Unknown command.
You closely miss the gnoll.
The gnoll is moderately wounded.
You hit the gnoll but do no damage.
The gnoll is moderately wounded.
The gnoll hits you with a +0 flail!
You hit the gnoll.
The gnoll is severely wounded.
The gnoll hits you with a +0 flail.
You hit the gnoll.
You kill the gnoll!
Your Short Blades skill increases to level 5!
You hit the gnoll but do no damage. You hit the gnoll.
The gnoll is lightly wounded.
The gnoll barely misses you.
You hit the gnoll.
The gnoll is heavily wounded.
The gnoll hits you with a +0 flail!
You closely miss the gnoll.
The gnoll is moderately wounded.
The gnoll hits you with a +0 flail.
* * * LOW HITPOINT WARNING * * *
You hit the gnoll.
The gnoll is heavily wounded.
You hit the gnoll.
The gnoll is severely wounded.
The gnoll hits you with a +0 flail!
You die...

........................##.###
####....####.#####.###.......#
##...##.# #.# #.# ##.##.#.###
#..##...# #.# #.####.##.#...#
..##..### #.# #.##......#.#.#
.#...## #.# #.##.#.#..##..#
.#.### #.# ##.........##..#
.#.♣♣♣ ##.####.#.#.#†#.#....##
.#♣..♣♣ #..(.)@.........#...∩..
..♣♣..♣♣
#..####g##'##.######...
♣..♣...♣ #....#..#...#..# ##..#
.♣♣♣♣..♣###.##.##.'...+.##
#...#
......8♣....##....#...#..#
#..##
♣♣.∩.._♣###.##.##.##+##.## #.##
♣.....8♣....†.ggg........# #.#
.♣♣♣♣..♣###.##..#.#.#.#.#####.#
.♣.♣♣.♣♣###.##g..#..........(.#


You could see a gnoll.

Vanquished Creatures
  Natasha (D:2)
  2 gnolls (D:2)
  7 adders (D:2)
  A dart slug (D:2)
  4 bats
  3 endoplasms (D:1)
  3 giant cockroaches
  3 goblins (D:1)
  4 hobgoblins
  2 quokkas (D:1)
  5 ball pythons
  7 frilled lizards
  5 kobolds (D:1)
  6 rats
53 creatures vanquished.

Notes
Turn   | Place    | Note
-------+----------+-------------------------------------------
     0 | D:1      | scionoferis the Kobold Brigand began the quest for the Orb.
     0 | D:1      | Reached XP level 1. HP: 12/12 MP: 1/1
   127 | D:1      | Reached XP level 2. HP: 18/18 MP: 2/2
   467 | D:1      | Reached XP level 3. HP: 22/22 MP: 3/3
   813 | D:2      | Found Noki Abo's Antique Weapon Shop.
   837 | D:2      | Found Wegiwoy's Distillery.
   843 | D:2      | Reached skill level 1 in Armour
   843 | D:2      | Reached XP level 4. HP: 27/27 MP: 4/4
  1109 | D:2      | Found Muyr's Antique Armour Shop.
  1221 | D:2      | Found Azoall's Weapon Emporium.
  1360 | D:2      | Reached XP level 5. HP: 32/32 MP: 5/5
  1460 | D:2      | Found a faded altar of an unknown god.
  1473 | D:2      | Noticed Natasha
  1477 | D:2      | Killed Natasha
  1535 | D:2      | Reached skill level 5 in Short Blades
  1540 | D:2      | Slain by a gnoll

Illustrated notes

Levels and vault maps discovered:
D:1:      onia_arrival_handbag, layout_loops_ring
D:2:      layout_loops_ring, serial_shops,
          nicolae_shop_temple_entry_statues_fountains, nicolae_square_shop,
          nicolae_shop_stone, nicolae_shop_temple_entry_statues_fountains,
          nicolae_square_shop, shapermc_ecumenical_altar_totnotflames,
          minmay_misc_feat_doors, uniq_natasha

Skill      XL: |  1  2  3  4  5 |
---------------+----------------+-----
Short Blades   | 3 4 5 |  5.0
Dodging        | 2 |  2.8
Armour         | 1 |  1.5
Fighting       | 3 |  3.2
Throwing       | |  2.1
Stealth        | |  5.3

Action                   |  1- 3 |  4- 6 || total
-------------------------+-------+-------++-------
Melee: Dagger            |    55 |    74 ||   129
Throw: Dart              |       |     9 ||     9
 Stab: Sleeping          |    18 |     8 ||    26
Armor: Robe              |     9 |       ||     9
       Ring mail         |       |     3 ||     3
       Leather armour    |       |     4 ||     4
Dodge: Dodged            |    14 |    31 ||    45

Table legend: (Time is in decaauts)
 A = Elapsed time spent in this place.
 B = Non-inter-level travel time spent in this place.
 C = Inter-level travel time spent in this place.
 D = Time resting spent in this place.
 E = Time spent auto-exploring this place.
 F = Levels seen in this place.
 G = Mean time per level.
                   A        B        C        D        E       F      G
               +--------+--------+--------+--------+--------+-----+--------+
         Total |   1513 |   1433 |     80 |     28 |   1017 |   2 |  756.5 |
       Dungeon |   1513 |   1433 |     80 |     28 |   1017 |   2 |  756.5 |
               +--------+--------+--------+--------+--------+-----+--------+

Top non-repeatable levels by time:
     D:1: 805 daAuts
     D:2: 708 daAuts
